 Dungeon Crawl Stone Soup version 0.20.1-1-g8b1a95d (webtiles) character file.

14310 vineage the Basher (level 12, -1/74 HPs)
             Began as a Gargoyle Fighter on Nov 4, 2017.
             Was the Champion of Okawaru.
             Killed from afar by an orc wizard (3 damage)
             ... with a magic dart
             ... on level 2 of the Orcish Mines.
             The game lasted 00:22:05 (13452 turns).

vineage the Basher (Gargoyle Fighter)              Turns: 13452, Time: 00:22:05

Health: -1/74      AC: 21    Str: 28    XL:     12   Next: 15%
Magic:  12/12      EV:  9    Int: 10    God:    Okawaru [******]
Gold:   761        SH: 16    Dex: 11    Spells: 11/11 levels left

rFire    . . .     SeeInvis +   d - +2 flail (protect)
rCold    . . .     Gourm    .   c - +3 shield
rNeg     + . .     Faith    +   b - +0 scale mail
rPois    ∞         Spirit   .   s - +0 helmet
rElec    +         Reflect  .   t - +0 cloak
rCorr    .         Harm     .   o - +0 pair of gloves
MR       .....     Rnd*Rage +   (no boots)
Stlth    ..........             z - amulet of faith
Regen    0.3/turn               x - ring of see invisible
MPRegen  0.2/turn               y - +4 ring of strength

@: no status effects
A: agile 1, berserk 1, negative energy resistance 1, electricity resistance,
unbreathing, petrification resistance, rot immunity, AC +8
a: Heroism, Finesse, Renounce Religion


You were on level 2 of the Orcish Mines.
You worshipped Okawaru.
Okawaru was exalted by your worship.
You were not hungry.

You visited 3 branches of the dungeon, and saw 14 of its levels.
You also visited: Bailey.

You collected 761 gold pieces.

Inventory:

Hand Weapons
 a - a +0 flail
 d - a +2 flail of protection (weapon)
Armour
 b - a +0 scale mail (worn)
 c - a +3 shield (worn)
 o - a +0 pair of gloves (worn)
 s - a +0 helmet (worn)
 t - a +0 cloak (worn)
Jewellery
 g - an uncursed ring of resist corrosion
 x - a ring of see invisible (left hand)
 y - a +4 ring of strength (right hand)
 z - an amulet of faith (around neck)
 D - an uncursed ring of positive energy
Wands
 w - a wand of disintegration (7/24)
 B - a wand of paralysis (7/24)
 F - a wand of digging (16/24)
 I - a wand of enslavement (11/24)
 K - a wand of flame (13/48)
 R - a wand of clouds (7/9)
Scrolls
 h - a scroll of identify
 j - 2 scrolls of amnesia
 n - 4 scrolls of remove curse
 q - 3 scrolls of immolation
 u - a scroll of random uselessness
 H - a scroll of enchant weapon
Potions
 e - a potion of flight
 r - 2 potions of brilliance
 J - a potion of mutation
 M - a potion of agility
Books
 m - a book of Party Tricks

   Spells                             Type                      Level
   a - Summon Butterflies             Summoning                    1
   b - Apportation                    Translocation                1
   c - Lesser Beckoning               Translocation                3
   d - Tukima's Dance                 Hexes                        3
   e - Alistair's Intoxication        Transmutation/Poison         5
   f - Invisibility                   Hexes                        6
 p - a book of Callings

   Spells                             Type                      Level
   a - Summon Small Mammal            Summoning                    1
   b - Call Imp                       Summoning                    2
   c - Call Canine Familiar           Summoning                    3
   d - Summon Guardian Golem          Hexes/Summoning              3
   e - Summon Lightning Spire         Summoning/Air                4
   f - Summon Ice Beast               Ice/Summoning                4
 C - a book of Maledictions

   Spells                             Type                      Level
   a - Corona                         Hexes                        1
   b - Ensorcelled Hibernation        Hexes/Ice                    2
   c - Confuse                        Hexes                        3
   d - Tukima's Dance                 Hexes                        3
   e - Dazzling Spray                 Conjuration/Hexes            3
 P - a book of Battle

   Spells                             Type                      Level
   a - Infusion                       Charms                       1
   b - Shroud of Golubria             Charms/Translocation         2
   c - Song of Slaying                Charms                       2
   d - Spectral Weapon                Hexes/Charms                 3
   e - Regeneration                   Charms/Necromancy            3
Miscellaneous
 A - a fan of gales
Comestibles
 f - 6 bread rations
 i - 5 royal jellies
 l - 3 meat rations
 v - 3 fruits


   Skills:
 + Level 8.2 Fighting
 - Level 13.3 Maces & Flails
 + Level 8.2 Armour
 + Level 11.2 Shields


You had 11 spell levels left.
You didn't know any spells.

Dungeon Overview and Level Annotations

Branches:
Dungeon (11/15)            Temple (1/1) D:5            Lair (0/6) D:9
    Orc (2/2) D:9
    Elf: Orc:2

Altars:
Cheibriados
Dithmenos
Elyvilon
Hepliaklqana
Makhleb
Nemelex Xobeh
Okawaru
Qazlal
Sif Muna
Trog
Uskayaw
Xom
Yredelemnul
Beogh


Innate Abilities, Weirdness & Mutations

You are resistant to torment.
Your stone body is resilient. (AC +8)
You are immune to poison.
You resist negative energy. (rN+)
You are resistant to electric shocks. (rElec)
You can survive without breathing.
You are immune to petrification.
You are immune to rotting.
You are agile. (Dex +2)
You tend to lose your temper in combat.


Message History

As you read the scroll of holy word, it crumbles to dust.
You speak a Word of immense power!
The smoke demon convulses!
You kill the smoke demon!
As you read the scroll of enchant armour, it crumbles to dust.
Your +2 shield glows green for a moment.
Your surroundings suddenly seem different.
A two-headed ogre comes into view. It is wielding two giant spiked clubs.
The two-headed ogre shouts in stereo!
An orc warrior comes into view. It is wielding a scimitar.
The orc warrior shouts!
A deep elf mage comes into view. It is wielding a vampiric dagger.
The deep elf mage mumbles some strange words.
The deep elf mage blinks!
An orc priest and 5 orc wizards come into view.
The orc wizard shouts!
The orc wizard casts a spell at you.
You easily resist.
The orc wizard gestures at you while chanting.
The magic dart hits you!
You die...

.. ..... ..... ...
#..... ....
#......
##...######.......
..................
.....o............
..........@.......
...#..............
......o...........
..................
.....#O...........
......#...........
........o.o.......
..................
........o........


You could see a two-headed ogre, an orc warrior, an orc priest and 2 orc
wizards.

Vanquished Creatures
  Snorg (Orc:1)
  Erolcha (D:9)
  2 two-headed ogres
  An orc high priest (Orc:1)
  The ghost of letownia2 the Reanimator, a novice DDNe of Gozag (D:7)
  An orc sorcerer (Orc:1)
  A manticore (D:8)
  A troll (D:10)
  2 hippogriffs (D:10)
  8 yaks
  Grum (D:10)
  2 hungry ghosts (D:9)
  A warg (Orc:1)
  A water moccasin (D:10)
  2 ice beasts
  14 orc warriors
  A black bear (D:8)
  A phantom (D:9)
  A necrophage (D:9)
  4 wolves (D:10)
  2 sky beasts
  7 ogres
  5 centaurs
  7 bullfrogs
  8 gnoll sergeants (Bailey)
  8 scorpions
  10 killer bees (D:7)
  3 wights (D:10)
  2 crimson imps
  4 howler monkeys (D:9)
  3 hounds
  3 quasits
  2 centaur zombies
  11 orc priests
  A bullfrog skeleton (D:6)
  6 gnoll shamans (Bailey)
  6 jellies
  2 centaur skeletons
  Jessica (D:2)
  An iguana (D:9)
  13 orc wizards
  8 worker ants
  A hound skeleton (D:8)
  14 gnolls (Bailey)
  11 adders
  A shadow imp (D:5)
  An ooze (D:4)
  An adder zombie (D:8)
  An adder skeleton (D:4)
  2 worms
  A dart slug (D:3)
  9 leopard geckos
  54 orcs
  6 ball pythons
  4 giant cockroaches
  6 goblins
  8 hobgoblins
  15 jackals
  7 kobolds
  4 quokkas
  4 bats
  A frilled lizard (D:1)
  10 rats
321 creatures vanquished.

Vanquished Creatures (others)
  A wizard (D:7)
  A howler monkey skeleton (D:5)
  An orc (Orc:1)
3 creatures vanquished.

Grand Total: 324 creatures vanquished

Notes
Turn   | Place    | Note
-------+----------+-------------------------------------------
     0 | D:1      | vineage the Gargoyle Fighter began the quest for the Orb.
     0 | D:1      | Reached XP level 1. HP: 14/14 MP: 1/1
   130 | D:1      | Reached XP level 2. HP: 13/19 MP: 2/2
   275 | D:1      | Reached skill level 3 in Maces & Flails
   718 | D:2      | Reached XP level 3. HP: 23/23 MP: 3/3
   956 | D:2      | Noticed Jessica
   970 | D:2      | Killed Jessica
   970 | D:2      | Reached skill level 4 in Maces & Flails
   970 | D:2      | Reached XP level 4. HP: 26/28 MP: 4/4
  1626 | D:3      | Reached skill level 5 in Maces & Flails
  1626 | D:3      | Reached XP level 5. HP: 31/32 MP: 5/5
  2398 | D:4      | Noticed an orc warrior
  2490 | D:4      | Killed an orc warrior
  2490 | D:4      | Reached skill level 6 in Maces & Flails
  2490 | D:4      | Reached XP level 6. HP: 36/37 MP: 6/6
  3330 | D:4      | Reached skill level 7 in Maces & Flails
  3362 | D:4      | Reached XP level 7. HP: 17/41 MP: 7/7
  3627 | D:5      | Entered Level 5 of the Dungeon
  3681 | D:5      | Found a staircase to the Ecumenical Temple.
  3750 | D:5      | Found a stormy altar of Qazlal.
  3896 | D:5      | Reached skill level 8 in Maces & Flails
  4140 | Temple   | Entered the Ecumenical Temple
  4247 | Temple   | Became a worshipper of Warmaster Okawaru
  4480 | D:5      | Reached skill level 9 in Maces & Flails
  4480 | D:5      | Reached XP level 8. HP: 46/46 MP: 8/8
  4868 | D:6      | Reached * piety under Okawaru
  5322 | D:6      | Reached skill level 10 in Maces & Flails
  5436 | D:6      | Gained mutation: You tend to lose your temper in combat. [mutagenic meat]
  5437 | D:6      | Gained mutation: You are agile. (Dex +2) [mutagenic meat]
  5951 | D:7      | Noticed letownia2's ghost (novice DDNe)
  6004 | D:7      | Killed letownia2's ghost
  6004 | D:7      | Reached ** piety under Okawaru
  6004 | D:7      | Reached skill level 11 in Maces & Flails
  6004 | D:7      | Reached XP level 9. HP: 14/51 MP: 9/9
  6262 | D:7      | Found a bloodstained altar of Trog.
  6272 | D:7      | Noticed a wizard
  6277 | D:7      | Killed a wizard
  6365 | D:7      | Reached skill level 12 in Maces & Flails
  6970 | D:7      | Reached *** piety under Okawaru
  7639 | D:7      | Reached skill level 13 in Maces & Flails
  7802 | D:8      | Reached XP level 10. HP: 56/56 MP: 10/10
  8230 | D:8      | Noticed a manticore
  8239 | D:8      | Killed a manticore
  8507 | D:8      | Noticed a two-headed ogre
  8536 | D:8      | Killed a two-headed ogre
  8536 | D:8      | Reached skill level 5 in Armour
  8798 | D:8      | You fall through a shaft for 3 floors!
  8900 | D:11     | Reached skill level 5 in Shields
  8938 | D:10     | Entered Level 10 of the Dungeon
  8986 | D:10     | Reached skill level 5 in Fighting
  8991 | D:10     | Noticed a two-headed ogre
  8993 | D:10     | Reached **** piety under Okawaru
  9042 | D:10     | Noticed Grum
  9066 | D:10     | Killed Grum
  9437 | D:9      | Reached XP level 11. HP: 56/64 MP: 11/11
  9439 | D:9      | Reached ***** piety under Okawaru
  9502 | D:9      | Found a staircase to the Lair.
  9578 | D:9      | Noticed Erolcha
  9598 | D:9      | Killed Erolcha
  9607 | D:9      | Noticed a two-headed ogre
  9623 | D:9      | Killed a two-headed ogre
  9808 | D:9      | Found a flagged portal.
  9865 | Bailey   | Entered a bailey
 11242 | D:9      | Found a staircase to the Orcish Mines.
 11656 | D:10     | Received a gift from Okawaru
 12099 | D:10     | Received a gift from Okawaru
 12256 | D:11     | Found a roughly hewn altar of Beogh.
 12277 | D:11     | Reached skill level 10 in Shields
 12767 | Orc:1    | Entered Level 1 of the Orcish Mines
 12780 | Orc:1    | Noticed an orc high priest
 12966 | Orc:1    | Killed an orc high priest
 13040 | Orc:1    | Noticed Snorg
 13050 | Orc:1    | Killed Snorg
 13050 | Orc:1    | Reached XP level 12. HP: 71/73 MP: 12/12
 13072 | Orc:1    | Reached ****** piety under Okawaru
 13290 | Orc:2    | Entered Level 2 of the Orcish Mines
 13344 | Orc:2    | Found a roughly hewn altar of Beogh.
 13372 | Orc:2    | Noticed an orc high priest
 13380 | Orc:2    | Noticed an orc high priest
 13444 | Orc:2    | Noticed a soul eater
 13445 | Orc:2    | HP: 1/74 [ogre/giant spiked club (12)]
 13449 | Orc:2    | Noticed a two-headed ogre
 13452 | Orc:2    | Killed from afar by an orc wizard

Skill      XL: |  1  2  3  4  5  6  7  8  9 10 11 12 |
---------------+-------------------------------------+-----
Maces & Flails | 3 4 5 6 7 9 11 13 | 13.3
Armour         | 6 8 |  8.2
Shields        | 7 10 11 | 11.2
Fighting       | 6 8 |  8.2

Action                   |  1- 3 |  4- 6 |  7- 9 | 10-12 || total
-------------------------+-------+-------+-------+-------++-------
Melee: Flail             |   141 |   266 |   422 |   777 ||  1606
Invok: Heroism           |       |       |       |     2 ||     2
  Use: Potion            |       |     7 |     4 |     6 ||    17
       Scroll            |       |     7 |     6 |    14 ||    27
  Eat: Chunk             |       |     9 |     8 |    13 ||    30
       Meat ration       |       |       |     1 |     1 ||     2
       Royal jelly       |       |       |     1 |     1 ||     2
       Fruit             |       |       |       |     2 ||     2
       Bread ration      |       |       |       |     1 ||     1
Armor: Scale mail        |    82 |   182 |   209 |   537 ||  1010
       Skin              |       |       |       |     5 ||     5
Dodge: Dodged            |    40 |    99 |   105 |   310 ||   554
Block: Shield            |    79 |   168 |   245 |   646 ||  1138
